 Dungeon Crawl Stone Soup version 0.27-a0-765-ge4d627daa3 (console) character file.

Game seed: 18009271766429888596

4567 jejorda2 the Impaler (level 10, -7/76 HPs)
             Began as a Merfolk Berserker on Mar 25, 2021.
             Was an Elder of Trog.
             Succumbed to a hornet's poison
             ... on level 8 of the Dungeon.
             The game lasted 00:20:26 (8755 turns).

jejorda2 the Impaler (Merfolk Berserker)            Turns: 8755, Time: 00:20:27

Health: -7/76      AC: 17    Str: 21    XL:     10   Next: 40%
Magic:  10/10      EV:  7    Int:  6    God:    Trog [****..]
Gold:   388        SH:  0    Dex: 14    Spells: 9/9 levels left

rFire    . . .     SeeInvis .   a - +1 halberd
rCold    . . .     Faith    .   (shield currently unavailable)
rNeg     . . .     Spirit   .   f - +0 plate armour
rPois    .         Reflect  .   q - +1 helmet
rElec    .         Harm     .   v - +0 cloak
rCorr    .         Rampage  .   (no gloves)
Will     .....                  e - +0 pair of boots
Stlth    ..........             (no amulet)
HPRegen  0.22/turn              (no ring)
MPRegen  0.12/turn              (no ring)

@: lethally poisoned (-7 -> -24), berserk cooldown, slowed, very slow
A: (nimble swimmer 2), mertail
a: Renounce Religion, Berserk, Trog's Hand, Brothers in Arms


You were on level 8 of the Dungeon.
You worshipped Trog.
Trog was greatly pleased with you.
You visited 1 branch of the dungeon, and saw 8 of its levels.

You collected 388 gold pieces.

Inventory:

Hand Weapons
 a - a +1 halberd (weapon)
 h - a +0 trident
Missiles
 d - 8 boomerangs
 y - 9 poisoned darts (quivered)
Armour
 b - a +1 scale mail of fire resistance
 e - a +0 pair of boots (worn)
 f - a +0 plate armour (worn)
 q - a +1 helmet (worn)
 v - a +0 cloak (worn)
Jewellery
 s - a ring of ice
Wands
 n - a wand of flame (18)
 w - a wand of polymorph (8)
Scrolls
 c - 6 scrolls of teleportation
Potions
 g - a potion of haste {unknown}
 i - 2 potions of flight
 k - 5 potions of curing
 l - 3 potions of mutation
 m - a potion of berserk rage {unknown}
 o - a potion of magic {unknown}
 p - a potion of attraction {unknown}
 t - 2 potions of lignification {unknown}
 u - a potion of invisibility


   Skills:
 - Level 6.0 Fighting
 * Level 16.3 Polearms
 - Level 6.0 Armour
 - Level 2.6 Dodging


You had 9 spell levels left.
You didn't know any spells.
Your spell library was empty.

Dungeon Overview and Level Annotations

Branches:
Dungeon (8/15)             Temple (0/1) D:5
   Lair: D:8-11

Altars:
Trog


Innate Abilities, Weirdness & Mutations

((You are quick and stealthy while swimming. (Stealth+, EV+, Speed+++)))
Your lower body shifts to a powerful aquatic tail in water.


Message History

The hornet stings you but does no damage.
You can move again.
You miss the hornet.
The hornet is moderately wounded.
You feel sick.
The hornet stings you but does no damage.
You slash the hornet!
The hornet is severely wounded.
You feel yourself speed up.
You feel sick. The hornet stings you.
You feel yourself slow down.
You miss the hornet.
The hornet is severely wounded.
The hornet stings you but does no damage.
You barely miss the hornet.
The hornet is severely wounded.
You feel sick.
You are no longer poisoned.
The hornet stings you.
* * * LOW HITPOINT WARNING * * *
You are poisoned.
You suddenly lose the ability to move!
You feel extremely sick.
The hornet stings you but does no damage. x2
You feel sick. The hornet stings you!
* * * LOW HITPOINT WARNING * * *
You feel as though you will be slow longer.
You are no longer berserk.
You feel as though you will be slow longer.
You feel sick.
The hornet stings you but does no damage.
The hornet stings you.
* * * LOW HITPOINT WARNING * * *
You are lethally poisoned!
You feel as though you will be slow longer.
You can move again.
Unknown command.
Unknown command.
You hit the hornet.
The hornet is severely wounded.
You die...

............# #.##
###........## ##..#
.......)....# #..##
###....)...?### #.#
.### #....>.)..[)#
#)# ...#
####..†.)....#.###)#
...#
...)..oc######...#)#
...# ).....#y##
###...# ...#
......#.@# #####
...## .(.....##..#
....#...o... .....
..<....... ..#.###
.)..#..... ##. .#
....). ... .. .#
.h...... . ## .#
#.###....z .. #.
...<.


You could see a hornet, a centaur and an orc.

Vanquished Creatures
  A two-headed ogre (D:6)
  An unseen horror (D:7)
  Eustachio (D:6)
  Grum (D:8)
  Edmund (D:4)
  2 water moccasins
  3 orc warriors
  2 ogres (D:6)
  3 black bears
  A necrophage (D:7)
  A sky beast (D:6)
  A wolf (D:8)
  3 centaurs
  3 bullfrogs
  Blork the orc (D:4)
  A gnoll sergeant (D:6)
  4 scorpions
  A water moccasin skeleton (D:4)
  3 howler monkeys
  2 centaur zombies (D:8)
  A bullfrog zombie (D:6)
  3 hounds
  2 orc priests
  Crazy Yiuf (D:4)
  2 jellies
  Jessica (D:2)
  Natasha (thrice) (D:2)
  Terence (D:2)
  2 iguanas
  4 orc wizards
  3 worker ants
  A hound zombie (D:5)
  2 hound skeletons
  Robin (D:3)
  9 gnolls
  11 adders
  2 shadow imps
  3 white imps
  An ufetubus (D:5)
  An adder skeleton (D:4)
  A dart slug (D:2)
  18 orcs
  9 endoplasms
  6 giant cockroaches
  14 goblins
  3 hobgoblins
  8 kobolds
  A quokka (D:2)
  6 ball pythons
  6 bats
  2 frilled lizards (D:1)
  4 rats
168 creatures vanquished.

Vanquished Creatures (collateral kills)
  A wolf (D:8)
  A kobold brigand (D:8)
  3 wights (D:8)
  3 kobolds (D:8)
8 creatures vanquished.

Vanquished Creatures (others)
  15 plants (D:2)
15 creatures vanquished.

Grand Total: 191 creatures vanquished

Notes
Turn   | Place    | Note
-------+----------+-------------------------------------------
     0 | D:1      | jejorda2 the Merfolk Berserker began the quest for the Orb.
     0 | D:1      | Reached XP level 1. HP: 18/18 MP: 1/1
   113 | D:1      | Reached XP level 2. HP: 22/24 MP: 2/2
   228 | D:1      | Reached skill level 5 in Polearms
   661 | D:2      | Noticed Terence
   676 | D:2      | Killed Terence
   677 | D:2      | Reached XP level 3. HP: 30/30 MP: 3/3
   783 | D:2      | Noticed Natasha
   790 | D:2      | Killed Natasha
   791 | D:2      | Reached skill level 6 in Polearms
   791 | D:2      | Reached XP level 4. HP: 29/37 MP: 4/4
   936 | D:2      | Reached ** piety under Trog
  1070 | D:2      | Noticed Jessica
  1080 | D:2      | Killed Jessica
  1081 | D:2      | Reached XP level 5. HP: 42/42 MP: 5/5
  1261 | D:2      | Noticed Natasha
  1275 | D:2      | Killed Natasha
  1412 | D:2      | Noticed Natasha
  1432 | D:2      | Killed Natasha
  1433 | D:2      | Reached skill level 7 in Polearms
  1981 | D:3      | Noticed a centaur
  1990 | D:3      | Killed a centaur
  1991 | D:3      | Reached XP level 6. HP: 49/49 MP: 6/6
  2395 | D:3      | Noticed Robin
  2420 | D:3      | Killed Robin
  2442 | D:3      | Reached skill level 8 in Polearms
  2843 | D:4      | Reached skill level 5 in Fighting
  2971 | D:4      | Reached *** piety under Trog
  2972 | D:4      | Reached XP level 7. HP: 18/56 MP: 7/7
  3444 | D:4      | Noticed Edmund
  3455 | D:4      | Killed Edmund
  3456 | D:4      | Reached skill level 9 in Polearms
  3521 | D:4      | Found a runed translucent door.
  3522 | D:4      | Noticed Crazy Yiuf
  3531 | D:4      | Killed Crazy Yiuf
  3611 | D:4      | Noticed Blork the orc
  3630 | D:4      | Killed Blork the orc
  4345 | D:5      | Entered Level 5 of the Dungeon
  4483 | D:5      | Reached XP level 8. HP: 57/64 MP: 8/8
  4604 | D:5      | Reached skill level 10 in Polearms
  5173 | D:5      | Found a staircase to the Ecumenical Temple.
  5581 | D:6      | Reached skill level 11 in Polearms
  5935 | D:6      | Reached skill level 12 in Polearms
  5976 | D:6      | Reached XP level 9. HP: 69/69 MP: 9/9
  6001 | D:6      | Noticed a two-headed ogre
  6005 | D:6      | Noticed Eustachio
  6012 | D:6      | Killed a two-headed ogre
  6013 | D:6      | Reached skill level 13 in Polearms
  6013 | D:6      | Reached skill level 5 in Armour
  6020 | D:6      | Killed Eustachio
  6538 | D:6      | Reached skill level 14 in Polearms
  6541 | D:6      | Reached **** piety under Trog
  6867 | D:6      | Found a bloodstained altar of Trog.
  7306 | D:7      | Reached XP level 10. HP: 41/76 MP: 10/10
  7536 | D:7      | Reached skill level 15 in Polearms
  7619 | D:7      | Killed an unseen horror
  8547 | D:8      | Noticed Grum
  8556 | D:8      | Reached skill level 16 in Polearms
  8575 | D:8      | Killed Grum
  8746 | D:8      | Paralysed by a hornet for 1 turns
  8751 | D:8      | Paralysed by a hornet for 3 turns
  8754 | D:8      | HP: 3/76 [hornet (5)]
  8755 | D:8      | Succumbed to a hornet's poison

Illustrated notes

Levels and vault maps discovered:
D:1:      grunt_arrival_lava_bath, layout_basic, serial_bayou_crossing
D:2:      layout_loops_ring, serial_bayou, serial_bayou_lagoon_a,
          serial_bayou_pond_b, serial_bayou_pond_d, serial_bayou_pond_c,
          serial_bayou_pond_a, serial_bayou_pond_b, uniq_terence, uniq_natasha,
          uniq_jessica
D:3:      layout_loops_ring, uniq_robin
D:4:      layout_basic, uniq_crazy_yiuf_cottage, uniq_blork_the_orc, uniq_edmund
D:5:      layout_loops_corners, nicolae_overflow_hidden_temple, temple_green
D:6:      minmay_angry_zag, layout_basic, trog_ov_bears_minmay, uniq_eustachio
D:7:      layout_rooms, chequers_serial_rivers_large_b,
          chequers_serial_rivers_room_b
D:8:      layout_rooms, uniq_grum

Skill      XL: |  1  2  3  4  5  6  7  8  9 10 |
---------------+-------------------------------+-----
Polearms       | 5 6 7 8 9 12 14 16 | 16.3
Armour         | 2 3 4 5 6 |  6.0
Fighting       | 4 5 6 |  6.0
Dodging        | |  2.6

Action                   |  1- 3 |  4- 6 |  7- 9 | 10-12 || total
-------------------------+-------+-------+-------+-------++-------
Melee: Spear             |    64 |   217 |   238 |       ||   519
       Tailslap          |     1 |     2 |       |     3 ||     6
       Trident           |       |       |   191 |   156 ||   347
       Scythe            |       |       |     3 |       ||     3
       Halberd           |       |       |       |    16 ||    16
Throw: Dart              |       |       |    10 |       ||    10
Invok: Berserk           |     1 |     3 |     7 |     3 ||    14
       Trog's Hand       |       |     1 |     1 |     1 ||     3
       Brothers in Arms  |       |       |       |     1 ||     1
Evoke: Wand              |       |       |     2 |       ||     2
  Use: Scroll            |       |       |    12 |     1 ||    13
       Potion            |       |       |       |     2 ||     2
 Stab: Sleeping          |     2 |       |       |       ||     2
Armor: Animal skin       |     6 |       |       |       ||     6
       Scale mail        |     2 |    48 |    19 |       ||    69
       Chain mail        |       |    18 |    91 |       ||   109
       Skin              |       |     1 |       |       ||     1
       Plate armour      |       |       |    21 |   110 ||   131
Dodge: Dodged            |    13 |    61 |    99 |    48 ||   221

Table legend: (Time is in decaauts)
 A = Elapsed time spent in this place.
 B = Non-inter-level travel time spent in this place.
 C = Inter-level travel time spent in this place.
 D = Time resting spent in this place.
 E = Time spent auto-exploring this place.
 F = Levels seen in this place.
 G = Mean time per level.
                   A        B        C        D        E       F      G
               +--------+--------+--------+--------+--------+-----+--------+
         Total |   8513 |   8143 |    370 |    378 |   6526 |   8 | 1064.1 |
       Dungeon |   8513 |   8143 |    370 |    378 |   6526 |   8 | 1064.1 |
               +--------+--------+--------+--------+--------+-----+--------+

Top non-repeatable levels by time:
     D:4: 1620 daAuts
     D:6: 1596 daAuts
     D:7: 1228 daAuts
     D:5: 1134 daAuts
     D:2: 1103 daAuts
     D:3: 917 daAuts
     D:1: 636 daAuts
     D:8: 277 daAuts
